 Dungeon Crawl Stone Soup version 0.20.1-1-g8b1a95d (webtiles) character file.

9052 Nattfarinn the Cleaver (level 11, 0/108 HPs)
             Began as a Gargoyle Berserker on Sept 29, 2017.
             Was a High Priest of Trog.
             Slain by a white ugly thing (25 damage)
             ... on level 11 of the Dungeon.
             The game lasted 00:25:38 (9742 turns).

Nattfarinn the Cleaver (Gargoyle Berserker)         Turns: 9742, Time: 00:25:39

Health: 0/108      AC: 29    Str: 27    XL:     11   Next: 40%
Magic:  11/11      EV:  7    Int:  9    God:    Trog [*****.]
Gold:   750        SH:  8    Dex: 12    Spells: 10/10 levels left

rFire    . . .     SeeInvis .   a - +2 hand axe (chop)
rCold    . . .     Gourm    .   n - +0 buckler
rNeg     + . .     Faith    .   J - +5 plate armour
rPois    ∞         Spirit   .   s - +1 helmet
rElec    +         Reflect  +   (no cloak)
rCorr    +         Harm     .   (no gloves)
MR       .....                  G - +0 pair of boots
Stlth    ..........             L - +4 amulet of reflection
Regen    0.3/turn               M - +2 ring of strength
MPRegen  0.2/turn               y - ring of resist corrosion

@: berserking, very quick
A: negative energy resistance 1, electricity resistance, unbreathing,
petrification resistance, rot immunity, AC +7
a: Berserk, Trog's Hand, Brothers in Arms, Burn Spellbooks, Renounce Religion


You were on level 11 of the Dungeon.
You worshipped Trog.
Trog was extremely pleased with you.
You were near starving.

You visited 1 branch of the dungeon, and saw 11 of its levels.

You collected 750 gold pieces.

Inventory:

Hand Weapons
 a - a +2 hand axe of chopping (weapon)
 b - the +5 hunting sling of the Weasel {velocity, rF- rN+++ MR+ Str+4}
   (You found it on level 4 of the Dungeon)

   Any stone fired from it inflicts extra damage.
   It affects your strength (+4).
   It makes you vulnerable to fire.
   It renders you almost immune to negative energy.
   It affects your resistance to hostile enchantments.
Missiles
 A - 244 arrows
 Z - 50 sling bullets
Armour
 n - a +0 buckler (worn)
 s - a +1 helmet (worn)
 G - a +0 pair of boots (worn)
 J - a +5 plate armour (worn)
Jewellery
 l - an uncursed amulet of guardian spirit {unknown}
 u - an uncursed ring of stealth {unknown}
 w - an uncursed ring of magical power {unknown}
 x - an uncursed ring of protection from cold {unknown}
 y - a ring of resist corrosion (right hand)
 L - a +4 amulet of reflection (around neck)
 M - a +2 ring of strength (left hand)
 Q - a +3 ring of intelligence
 S - a +3 amulet of reflection
 U - an uncursed ring of magical power {unknown}
Wands
 v - a wand of enslavement (13/24)
 z - a wand of disintegration (7/24)
 D - a wand of enslavement (12/24)
 F - a wand of acid (7/15)
 O - a wand of random effects (21/48)
 Y - a wand of flame (23/48)
Scrolls
 d - 6 scrolls of identify
 f - 6 scrolls of fog
 g - 5 scrolls of teleportation
 h - 2 scrolls of brand weapon {unknown}
 j - 4 scrolls of remove curse
 k - a scroll of magic mapping {unknown}
 q - a scroll of recharging {unknown}
 r - a scroll of fear {unknown}
 C - 2 scrolls of enchant armour
 E - 2 scrolls of enchant weapon {unknown}
 R - a scroll of holy word {unknown}
 T - a scroll of noise {unknown}
 V - a scroll of immolation {unknown}
Potions
 e - 4 potions of brilliance
 i - a potion of cancellation {unknown}
 m - 8 potions of curing {unknown}
 o - 4 potions of lignification
 p - 3 potions of agility
 B - a potion of haste {unknown}
 H - 3 potions of might
 I - 2 potions of heal wounds {unknown}
 K - 2 potions of berserk rage
 N - a potion of magic {unknown}
 P - 2 potions of degeneration {unknown}
 W - a potion of flight {unknown}
Comestibles
 c - 8 bread rations
 t - a meat ration
 X - 14 royal jellies


   Skills:
 * Level 10.2 Fighting
   Level 1.6 Short Blades
 + Level 10.3(10.5) Axes
   Level 4.0(8.3) Maces & Flails
 * Level 5.5 Slings
 + Level 7.9 Armour
 - Level 1.5 Dodging
 - Level 1.4 Shields


You had 10 spell levels left.
You didn't know any spells.

Dungeon Overview and Level Annotations

Branches:
Dungeon (11/15)            Temple (0/1) D:5            Lair (0/6) D:10
    Orc (0/2) D:9

Altars:
Ashenzari
Elyvilon
Fedhas
Kikubaaqudgha
Makhleb
Nemelex Xobeh
Ru
Trog
Vehumet
Zin
The Shining One

Shops:
D:9 [(


Innate Abilities, Weirdness & Mutations

You are resistant to torment.
Your stone body is resilient. (AC +7)
You are immune to poison.
You resist negative energy. (rN+)
You are resistant to electric shocks. (rElec)
You can survive without breathing.
You are immune to petrification.
You are immune to rotting.


Message History

The white ugly thing pecks you but does no damage.
You closely miss the white ugly thing.
The white ugly thing is moderately wounded.
You block the white ugly thing's attack.
You closely miss the white ugly thing.
The white ugly thing is moderately wounded.
The white ugly thing pecks you but does no damage.
Your shield and plate armour prevent you from hitting the white ugly thing.
The white ugly thing is moderately wounded.
You barely miss the white ugly thing.
The white ugly thing is moderately wounded.
The white ugly thing pecks you. The white ugly thing freezes you!!
* * * LOW HITPOINT WARNING * * *
A red film seems to cover your vision as you go berserk!
You feel yourself moving faster!
You feel mighty!
You are near starving!
The white ugly thing pecks you.
* * * LOW HITPOINT WARNING * * *
The white ugly thing freezes you!!
You die...

#########'##...
###....###..##...
#............+...
#............#...
#####..######.#....
##.###..# #######
#.......#
##.......#
#...@##......
####u##.#####
...... #......#
#......# ########


You could see a white ugly thing.

Vanquished Creatures
  A two-headed ogre (D:8)
  A troll (D:10)
  2 hornets (D:10)
  Grinder (D:6)
  2 hippogriffs
  A wraith (D:7)
  6 yaks (D:9)
  2 wyverns
  A soldier ant (D:10)
  6 ice beasts
  A black bear (D:7)
  An orc warrior (D:7)
  A phantom (D:8)
  5 sky beasts
  A necrophage (D:9)
  6 ogres
  A crocodile (D:10)
  9 centaurs
  2 big kobolds
  4 bullfrogs
  A gnoll sergeant (D:9)
  5 scorpions
  9 wights
  2 howler monkeys
  7 crimson imps
  A quasit (D:8)
  2 hounds
  3 jellies
  8 orc priests
  2 bullfrog skeletons
  4 orc wizards
  2 centaur skeletons
  4 iguanas
  7 worker ants
  3 hound zombies
  A hound skeleton (D:10)
  11 gnolls
  9 adders
  A white imp (D:5)
  2 oozes (D:1)
  An adder zombie (D:6)
  5 worms
  A dart slug (D:1)
  7 leopard geckos
  30 orcs
  6 giant cockroaches
  7 goblins
  9 hobgoblins
  2 jackals (D:2)
  10 kobolds
  6 quokkas
  3 ball pythons
  6 bats
  9 frilled lizards
  A goblin skeleton (D:5)
  5 hobgoblin zombies (D:5)
  A kobold skeleton (D:5)
  2 kobold zombies (D:5)
  2 orc skeletons (D:5)
  A quokka zombie (D:9)
  7 rats
259 creatures vanquished.

Vanquished Creatures (collateral kills)
  A gargoyle (D:10)
  An orc warrior (D:9)
  4 orcs (D:9)
6 creatures vanquished.

Grand Total: 265 creatures vanquished

Notes
Turn   | Place    | Note
-------+----------+-------------------------------------------
     0 | D:1      | Nattfarinn the Gargoyle Berserker began the quest for the Orb.
     0 | D:1      | Reached XP level 1. HP: 14/14 MP: 1/1
    73 | D:1      | Reached XP level 2. HP: 12/19 MP: 2/2
   346 | D:1      | Reached XP level 3. HP: 20/24 MP: 3/3
  1012 | D:2      | Reached ** piety under Trog
  1458 | D:2      | Found a faded altar of an unknown god.
  1745 | D:3      | Reached XP level 4. HP: 25/29 MP: 4/4
  1775 | D:3      | Found an ancient bone altar of Kikubaaqudgha.
  2161 | D:3      | Reached skill level 1 in Axes
  2161 | D:3      | Reached XP level 5. HP: 4/34 MP: 5/5
  2783 | D:4      | Reached skill level 1 in Short Blades
  2878 | D:4      | Reached *** piety under Trog
  2941 | D:4      | Reached XP level 6. HP: 35/40 MP: 6/6
  2955 | D:4      | Reached skill level 5 in Fighting
  2987 | D:4      | Reached skill level 1 in Shields
  3172 | D:4      | Got a bloodstained hunting sling
  3196 | D:4      | Reached XP level 7. HP: 30/44 MP: 7/7
  3663 | D:4      | Found a blossoming altar of Fedhas.
  3729 | D:5      | Entered Level 5 of the Dungeon
  3847 | D:5      | Found a glowing golden altar of the Shining One.
  3888 | D:5      | Identified the +5 hunting sling of the Weasel {velocity, rF- rN+++ MR+ Str+4} (You found it on level 4 of the Dungeon)
  3981 | D:5      | Noticed a hippogriff
  3996 | D:5      | Killed a hippogriff
  4032 | D:5      | Reached **** piety under Trog
  4032 | D:5      | Reached XP level 8. HP: 44/51 MP: 8/8
  4049 | D:5      | Reached skill level 1 in Slings
  4081 | D:5      | Reached skill level 5 in Axes
  4533 | D:5      | Found a staircase to the Ecumenical Temple.
  5126 | D:6      | Reached skill level 5 in Armour
  5143 | D:6      | Found a sacrificial altar of Ru.
  5161 | D:6      | Noticed Grinder
  5178 | D:6      | Paralysed by Grinder for 3 turns
  5185 | D:6      | Paralysed by Grinder for 4 turns
  5195 | D:6      | Killed Grinder
  5195 | D:6      | Reached XP level 9. HP: 37/57 MP: 9/9
  5896 | D:7      | Found a white marble altar of Elyvilon.
  6108 | D:7      | Found a sparkling altar of Nemelex Xobeh.
  6197 | D:7      | Found a glowing golden altar of the Shining One.
  6691 | D:8      | Found a shattered altar of Ashenzari.
  6705 | D:8      | Found a burning altar of Makhleb.
  6763 | D:8      | Reached XP level 10. HP: 57/64 MP: 10/10
  7076 | D:8      | Received a gift from Trog
  7165 | D:8      | Noticed a two-headed ogre
  7173 | D:8      | Killed a two-headed ogre
  7277 | D:8      | Found a radiant altar of Vehumet.
  7436 | D:9      | Found Reluc's Weapon Shoppe.
  7436 | D:9      | Found a staircase to the Orcish Mines.
  7439 | D:9      | Found Haopp's Armour Shoppe.
  7707 | D:9      | Found a bloodstained altar of Trog.
  7867 | D:9      | Reached ***** piety under Trog
  8162 | D:9      | Reached skill level 5 in Slings
  8162 | D:9      | Reached XP level 11. HP: 72/72 MP: 11/11
  8298 | D:10     | Entered Level 10 of the Dungeon
  8343 | D:10     | Found a staircase to the Lair.
  8368 | D:10     | Received a gift from Trog
  8642 | D:10     | Found a glowing silver altar of Zin.
  8685 | D:10     | Reached skill level 10 in Axes
  8976 | D:10     | Reached skill level 10 in Fighting
  9729 | D:11     | Noticed a white ugly thing
  9742 | D:11     | Slain by a white ugly thing

Skill      XL: |  1  2  3  4  5  6  7  8  9 10 11 |
---------------+----------------------------------+-----
Fighting       | 4 5 7 8 9 10 | 10.2
Maces & Flails | 4 |  4.0
Axes           | 1 3 4 6 8 9 10 | 10.3
Short Blades   | 1 |  1.6
Armour         | 3 4 5 6 7 |  7.9
Shields        | 1 |  1.4
Slings         | 2 3 5 |  5.5
Dodging        | |  1.5

Action                   |  1- 3 |  4- 6 |  7- 9 | 10-12 || total
-------------------------+-------+-------+-------+-------++-------
Melee: Mace              |   126 |    12 |       |       ||   138
       Hand axe          |       |   129 |   400 |   474 ||  1003
       Dagger            |       |    18 |       |       ||    18
 Fire: Hunting sling     |       |       |       |     7 ||     7
Invok: Berserk           |     2 |     2 |     5 |     1 ||    10
       Burn Spellbooks   |       |       |     1 |     1 ||     2
       Brothers in Arms  |       |       |       |     2 ||     2
       Trog's Hand       |       |       |       |     1 ||     1
  Use: Scroll            |       |       |    14 |     3 ||    17
 Stab: Sleeping          |     1 |       |       |       ||     1
  Eat: Chunk             |     3 |     7 |    13 |    11 ||    34
       Meat ration       |       |       |     1 |       ||     1
Armor: Animal skin       |    45 |       |       |       ||    45
       Ring mail         |       |    74 |    97 |       ||   171
       Plate armour      |       |       |   125 |   238 ||   363
Dodge: Dodged            |    94 |    86 |   121 |   107 ||   408
Block: Buckler           |     4 |    17 |    83 |   158 ||   262
       Reflection        |       |       |       |    13 ||    13
